 Dungeon Crawl Stone Soup version 0.26.0-45-g9c1d065592 (webtiles) character file.

Game seed: 17699507544977844662

1016 hawla the Conjurer (level 8, -6/59 HPs)
             Began as a Yellow Draconian Conjurer on Jan 29, 2021.
             Mangled by a centaur
             ... wielding a +3 hand axe of distortion
              (18 damage)
             ... on level 5 of the Dungeon.
             The game lasted 00:14:33 (6138 turns).

hawla the Conjurer (Yellow Draconian Conjurer)      Turns: 6138, Time: 00:14:34

Health: -6/59      AC:  6    Str: 10    XL:     8   Next: 1%
Magic:  14/16      EV: 12    Int: 21    God:
Gold:   225        SH:  0    Dex:  9    Spells: 6/18 levels left

rFire    . . .     SeeInvis .   e - +0 dagger (venom)
rCold    . . .     Faith    .   (no shield)
rNeg     . . .     Spirit   .   (armour unavailable)
rPois    .         Reflect  .   (helmet restricted)
rElec    .         Harm     .   (no cloak)
rCorr    +         Rampage  .   (no gloves)
Will     +....                  (no boots)
Stlth    ++........             (no amulet)
HPRegen  0.00/turn              (no ring)
MPRegen  0.15/turn              (no ring)

@: no status effects
A: spit acid, unfitting armour, strong-willed 1, inhibited regeneration,
cold-blooded, acid resistance, AC +6
a: Breathe Acid


You were on level 5 of the Dungeon.
You visited 1 branch of the dungeon, and saw 5 of its levels.

You collected 225 gold pieces.

Inventory:

Hand Weapons
 e - a +0 dagger of venom (weapon)
Missiles
 b - a throwing net
 g - 25 poisoned darts
 p - 8 boomerangs (quivered)
Wands
 a - a wand of iceblast (14)
Scrolls
 c - 2 scrolls of enchant armour
 k - 2 scrolls of remove curse
 l - 3 scrolls of identify
 m - a scroll of fear
 n - 2 scrolls of teleportation
 q - a scroll of amnesia
Potions
 d - a potion of haste {unknown}
 f - 4 potions of curing {unknown}
 h - a potion of invisibility {unknown}
 i - 3 potions of might {unknown}
 j - 4 potions of heal wounds {unknown}
 o - a potion of flight {unknown}


   Skills:
 - Level 1.0 Fighting
 - Level 1.7 Dodging
 - Level 1.7 Stealth
 + Level 5.8 Spellcasting
 + Level 7.2 Conjurations
 - Level 3.0 Translocations
 + Level 0.6 Fire Magic


You had 6 spell levels left.
You knew the following spells:

 Your Spells              Type           Power        Failure   Level
a - Magic Dart            Conj           100%         1%          1
b - Searing Ray           Conj           72%          1%          2
c - Iskenderun's Mystic   Conj/Tloc      27%          12%         4
d - Blink                 Tloc           N/A          4%          2
e - Conjure Flame         Conj/Fire      22%          6%          3

Your spell library contained the following spells:

 Spells                   Type           Power        Failure   Level
 Dazzling Flash           Conj/Hex       42%          7%          3
 Corona                   Hex            6%           10%         1
 Mephitic Cloud           Conj/Pois/Air  16%          11%         3
 Call Imp                 Summ           6%           16%         2
 Ensorcelled Hibernation  Hex/Ice        12%          16%         2
 Slow                     Hex            6%           16%         2
 Fulminant Prism          Conj/Hex       10%          22%         4
 Confusing Touch          Hex            6%           30%         3
 Tukima's Dance           Hex            6%           30%         3


Dungeon Overview and Level Annotations

Branches:
Dungeon (5/15)
 Temple: D:4-7

Altars:
Ashenzari
Cheibriados
Sif Muna
Xom
Yredelemnul
Zin


Innate Abilities, Weirdness & Mutations

You can spit globs of acid.
Your golden yellow scales are hard. (AC +6)
You cannot fit into any form of body armour.
You are cold-blooded and may be slowed by cold attacks.
You are resistant to acid. (rCorr)
You are strong-willed. (Will+)
You do not regenerate when monsters are visible.


Message History

You see here 2 arrows.
The centaur unwields a +0 shortbow.
The centaur wields a +3 hand axe of distortion.
Its appearance distorts for a moment.
The centaur barely misses you.
You hit the centaur but do no damage.
The centaur is poisoned.
The centaur hits you with a +3 hand axe of distortion!
Space warps horribly around you!
A white imp comes into view.
Casting: Searing Ray (safe; 1% risk of failure)
Confirm with . or Enter, or press ? or * to list all spells.
Aiming: Searing Ray (safe; 1% risk of failure)
Press: ? - help, Shift-Dir - straight line, f - centaur
Aim: a centaur, wielding a +3 hand axe of distortion, wearing a +0 robe and quivering 15 arrows (very poisoned, 12% to evade)
The searing ray hits the centaur!
The centaur is severely wounded. (Press . to maintain the ray.)
The centaur hits you with a +3 hand axe of distortion!
* * * LOW HITPOINT WARNING * * *
Space warps horribly around you!!
You die...

.# .# #. .# # #) ##
.######.# ###. ...
.#......# ... . .....
.....# #.. .. .##......
.#[#.#####.# #. ....#.#..
.#.#.......####c##.#.._5.
................@....#.#..
...#..####......(..#......
####..# #.####.......##
#..####.# ####'######
####.......#####........#
..........†....#........#
####......####.#........#
# #...)..# #.#........# #
#..))..# #.#........#


You could see a centaur (very poisoned) and a white imp.

Vanquished Creatures
  Grinder (D:3)
  The ghost of xraymikek the Conjurer, an amateur DrFE (D:3)
  A scorpion (D:4)
  A howler monkey (D:5)
  2 orc priests (D:5)
  4 orc wizards
  Natasha (twice) (D:2)
  4 worker ants
  10 adders
  13 gnolls
  A white imp (D:5)
  2 oozes
  A worm (D:3)
  3 dart slugs
  4 leopard geckos
  13 orcs
  8 giant cockroaches
  7 goblins
  8 hobgoblins
  8 jackals
  5 ball pythons
  7 bats
  3 frilled lizards
  10 kobolds
  A quokka skeleton (D:4)
  5 rats
125 creatures vanquished.

Notes
Turn   | Place    | Note
-------+----------+-------------------------------------------
     0 | D:1      | hawla the Draconian Conjurer began the quest for the Orb.
     0 | D:1      | Reached XP level 1. HP: 14/14 MP: 3/3
   713 | D:1      | Reached XP level 2. HP: 22/22 MP: 3/5
   716 | D:1      | Learned a level 2 spell: Searing Ray
   766 | D:1      | Reached skill level 1 in Fighting
  1112 | D:1      | Reached XP level 3. HP: 28/28 MP: 6/6
  1853 | D:2      | Reached XP level 4. HP: 35/35 MP: 4/8
  1858 | D:2      | Learned a level 4 spell: Iskenderun's Mystic Blast
  2013 | D:2      | Noticed Natasha
  2253 | D:2      | Killed Natasha
  2254 | D:2      | Reached skill level 5 in Conjurations
  2254 | D:2      | Reached skill level 1 in Translocations
  2624 | D:2      | Noticed Natasha
  2633 | D:2      | Killed Natasha
  2634 | D:2      | Reached XP level 5. HP: 29/40 MP: 2/10
  2986 | D:3      | Gained mutation: You do not regenerate when monsters are
                  | visible. [potion of mutation]
  2986 | D:3      | Gained mutation: You are strong-willed. (Will+) [potion of
                  | mutation]
  3003 | D:3      | Learned a level 2 spell: Blink
  3022 | D:3      | Noticed Grinder
  3103 | D:3      | Killed Grinder
  3104 | D:3      | Reached XP level 6. HP: 19/47 MP: 3/12
  3375 | D:3      | Found a shimmering blue altar of Sif Muna.
  3484 | D:3      | Noticed xraymikek's ghost (amateur DrFE)
  3527 | D:3      | Found a runed translucent door.
  3754 | D:3      | Killed xraymikek's ghost
  3952 | D:3      | Found a basalt altar of Yredelemnul.
  3953 | D:3      | Found a glowing silver altar of Zin.
  3953 | D:3      | Found a shimmering altar of Xom.
  4243 | D:3      | Reached skill level 6 in Conjurations
  4292 | D:3      | Found a faded altar of an unknown god.
  4477 | D:4      | Your scales start taking on a golden yellow colour.
  4477 | D:4      | Reached XP level 7. HP: 52/52 MP: 7/13
  4477 | D:4      | Gained mutation: You are resistant to acid. (rCorr) [Yellow
                  | Draconian growth]
  4675 | D:4      | Reached skill level 5 in Spellcasting
  5012 | D:4      | Found a snail-covered altar of Cheibriados.
  5384 | D:5      | Entered Level 5 of the Dungeon
  5619 | D:5      | Reached skill level 7 in Conjurations
  5825 | D:5      | Learned a level 3 spell: Conjure Flame
  5899 | D:5      | Reached XP level 8. HP: 19/59 MP: 1/16
  6134 | D:5      | Found a broken altar of Ashenzari.
  6138 | D:5      | Mangled by a centaur

Illustrated notes

Levels and vault maps discovered:
D:1:      ebering_trefoil_3fold, layout_basic, minmay_pentomino_v2
D:2:      layout_loops_ring, uniq_natasha
D:3:      layout_basic, old_standard_altar,
          chequers_temple_overflow_statue_of_worship,
          hellmonk_ghost_happy_afterlife,
          chequers_ecumenical_altar_simple_redux, kennysheep_cluttered_room,
          uniq_grinder
D:4:      layout_basic, kennysheep_slug_shrine
D:5:      layout_basic, ashenzari_altar_1, due_unseen_surprise

Skill      XL: |  1  2  3  4  5  6  7 |
---------------+----------------------+-----
Fighting       | 1 |  1.0
Spellcasting   | 3 4 5 |  5.8
Conjurations   | 5 6 7 |  7.2
Translocations | 1 2 3 |  3.0
Dodging        | |  1.7
Stealth        | |  1.7
Fire Magic     | |  0.6

Action                   |  1- 3 |  4- 6 |  7- 9 || total
-------------------------+-------+-------+-------++-------
Melee: Unarmed           |    15 |    23 |       ||    38
       Tailslap          |     1 |     2 |     3 ||     6
       Dagger            |       |     6 |    53 ||    59
 Cast: Magic Dart        |    39 |    32 |    19 ||    90
       Searing Ray       |    10 |    38 |    21 ||    69
       Iskenderun's Myst |       |       |     6 ||     6
  Use: Scroll            |       |    10 |       ||    10
       Potion            |       |     1 |       ||     1
Armor: Skin              |    10 |    27 |    10 ||    47
Dodge: Dodged            |    16 |    53 |    45 ||   114
